 Dungeon Crawl Stone Soup version 0.31-a0-1205-g5e5e916 (webtiles) character file.

Game seed: 11865994535165832861

285526 edsrzf the Fencer (level 21, -6/157 HPs)
             Began as a Djinni Berserker on Dec 11, 2023.
             Was the Champion of Trog.
             Killed from afar by a deep elf annihilator (54 damage)
             ... with a crystal spear
             ... on level 3 of the Elven Halls on Dec 12, 2023.
             The game lasted 02:13:30 (51759 turns).

edsrzf the Fencer (Djinni Berserker)               Turns: 51759, Time: 02:13:31

Health: -6/157     AC: 48    Str: 33    XL:     21   Next: 49%
Gold:   3322       EV: 16    Int:  9    God:    Trog [******] SH:  0 Dex: 18

rFire   + + +        a - +2 double sword (freeze)
rCold   + . .        (no shield)
rNeg    + . .        L - +16 gold dragon scales "Hexkaumn" {^Contam rElec rPois rF+ rC+ Will+++ rCorr Str+7}
rPois   ∞            Z - +2 hat {Will+}
rElec   +            c - +2 cloak
rCorr   +            R - +2 pair of gloves of the Seven of Cups {rElec rCorr Str-2}
SInv    .            (boots unavailable)
Will    +++++        W - amulet of the acrobat Stlth
                     Y - +6 ring of strength
HPRegen 0.46/turn    y - ring "Berulab" {rC+ rN+}
MPRegen 0.00/turn

%: acrobat, infuse magic (-7 HP)
@: flying
A: sickness immunity, fire resistance 2, cold vulnerability 1, float, innate
caster, HP casting, extra vitality 1
}: 2/15 runes: serpentine, barnacled
a: Renounce Religion, Berserk, Trog's Hand, Brothers in Arms


You were on level 3 of the Elven Halls.
You worshipped Trog.
Trog was exalted by your worship.
You visited 6 branches of the dungeon, and saw 33 of its levels.
You visited 1 bazaar.
You also visited: Gauntlet and Ice Cave.

You collected 3998 gold pieces.
You spent 676 gold pieces at shops.

Inventory:

Hand Weapons
 a - a +2 double sword of freezing (weapon)
 b - a +8 triple sword of flaming
 j - a +0 antimagic double sword
Missiles
 p - 19 poisoned darts
 B - 26 javelins
 O - 7 curare-tipped darts
 U - 2 throwing nets {=f}
Armour
 c - a +2 cloak (worn)
 L - the +16 gold dragon scales "Hexkaumn" (worn) {^Contam rElec rPois rF+ rC+ Will+++ rCorr Str+7}
   (You acquired it on level 2 of the Orcish Mines)

   Str+7:     It affects your strength (+7).
   rF+:       It protects you from fire.
   rC+:       It protects you from cold.
   rElec:     It insulates you from electricity.
   rPois:     It protects you from poison Will+++: It greatly increases your
   willpower.
   ^Contam:   It causes magical contamination when unequipped.
   rCorr:     It protects you from acid and corrosion.
 R - the +2 pair of gloves of the Seven of Cups (worn) {rElec rCorr Str-2}
   (You found it in a Gauntlet)

   Str-2:     It affects your strength (-2).
   rElec:     It insulates you from electricity.
   rCorr:     It protects you from acid and corrosion.
 Z - a +2 hat of willpower (worn)
Jewellery
 l - a ring of see invisible
 q - a +4 ring of slaying
 s - the ring of Quastrer {Wiz rCorr Str+4 Dex+6}
   (You found it on level 15 of the Dungeon)

   [ring of wizardry]

   Wiz:       It improves your spell success rate.
   Str+4:     It affects your strength (+4).
   Dex+6:     It affects your dexterity (+6).
   rCorr:     It protects you from acid and corrosion.
 x - a +4 ring of protection
 y - the ring "Berulab" (right hand) {rC+ rN+}
   (You acquired it on level 2 of the Orcish Mines)

   [ring of positive energy]

   rC+:       It protects you from cold.
   rN+:       It protects you from negative energy.
 G - the ring "Gamp" {rElec rPois rF+ rCorr}
   (You found it on level 15 of the Dungeon)

   [ring of poison resistance]

   rF+:       It protects you from fire.
   rElec:     It insulates you from electricity.
   rPois:     It protects you from poison rCorr: It protects you from acid and
   corrosion.
 N - a +4 ring of slaying
 Q - the ring "Vaucwi" {rN+ Will+ Int+3}
   (You found it in a Gauntlet)

   [ring of positive energy]

   Int+3:     It affects your intelligence (+3).
   rN+:       It protects you from negative energy.
   Will+:     It increases your willpower.
 W - an amulet of the acrobat (around neck)
 Y - a +6 ring of strength (left hand)
Wands
 h - a wand of roots (28)
 o - a wand of mindburst (23)
 E - a wand of flame (29)
 H - a wand of digging (9)
 K - a wand of polymorph (33)
 S - a wand of paralysis (10)
 X - a wand of light (3)
Scrolls
 d - 2 scrolls of fear
 e - 18 scrolls of identify {@r1}
 g - a scroll of fog
 i - 2 scrolls of torment {!r}
 k - 5 scrolls of enchant armour
 n - 7 scrolls of vulnerability
 t - 12 scrolls of teleportation {@r3}
 z - 2 scrolls of brand weapon
 A - 4 scrolls of revelation
 C - 4 scrolls of silence {!r}
 F - 7 scrolls of immolation
 M - 3 scrolls of poison
Potions
 f - 8 potions of curing
 m - 3 potions of ambrosia
 u - 7 potions of might
 v - 3 potions of enlightenment
 w - 3 potions of mutation {!q}
 D - 5 potions of attraction
 I - 3 potions of haste
 J - a potion of cancellation
 V - 4 potions of invisibility
Miscellaneous
 r - a phantom mirror
 P - a tin of tremorstones (2/2)
 T - a box of beasts


   Skills:
 - Level 16.0 Fighting
 + Level 20.7 Long Blades
 - Level 20.0 Armour
 - Level 17.0 Dodging
 - Level 8.2 Evocations


You knew the following spells:

 Your Spells              Type           Power      Damage    Failure   Level
a - Foxfire               Conj/Fire      0%         2x1d4     97%         1
b - Static Discharge      Conj/Air       0%         3-3/arc   99%         2
c - Passwall              Tmut/Erth      0%         N/A       99%         2
d - Airstrike             Air            0%         2d(0-16)  100%        4
e - Alistair's Intoxicat  Tmut/Pois      0%         N/A       100%        5
f - Bombard               Conj/Erth      0%         9d1       100%        6
g - Spellforged Servitor  Conj/Summ      0%         N/A       100%        7
h - Conjure Ball Lightni  Conj/Air       0%         3x3d6     100%        6
o - Ozocubu's Armour      Ice            0%         N/A       100%        3
O - Orb of Destruction    Conj           0%         9d5       100%        7
Your spell library was empty.


Dungeon Overview and Level Annotations

Branches:
Dungeon (15/15)            Temple (0/1) D:5            Lair (5/5) D:10
 Shoals (4/4) Lair:3        Snake (4/4) Lair:2        Slime (0/5) Lair:4
    Orc (2/2) D:9             Elf (3/3) Orc:2        Vaults (0/5) D:14
 Depths (0/4) D:15          IceCv (visited)         Gauntlet (visited)

Altars:
Ashenzari
Cheibriados
Dithmenos
Elyvilon
Fedhas
Nemelex Xobeh
Okawaru
Uskayaw
Wu Jian
Yredelemnul
Jiyva

Shops:
D:4 :   D:8 =   Orc:2 =:?[   Elf:1 *   Elf:2 =   Shoals:2 *=   Snake:1 *

Annotations:
D:3 2 transporters, Agrajag's ghost, amateur VSBr
D:5 2 runed translucent doors, dontdoit's ghost, weakling MfDe
D:10 2 runed translucent doors, wqsa789's ghost, journeyman DEVM
D:14 Roxanne


Innate Abilities, Weirdness & Mutations

You are immune to sickness and miasma.
You are immune to poison.
Your flesh is very heat resistant. (rF++)
You are vulnerable to cold. (rC-)
You float through the air rather than walking.
You learn spells naturally, not from books.
Your magical power is your life essence.
You have superior vitality. (+4 MHP)


Message History

You hit the ghostly deep elf death mage but do no damage.
The ghostly deep elf death mage hits you but does no damage.
The deep elf annihilator casts a spell.
The deep elf annihilator blinks!
You slash the ghostly deep elf death mage!
You freeze the ghostly deep elf death mage.
The ghostly deep elf death mage is lightly damaged.
Unknown command.
You barely miss the ghostly deep elf death mage.
The ghostly deep elf death mage is lightly damaged.
The ghostly deep elf death mage gestures at you while chanting.
The bolt of negative energy hits you but does no damage.
You partially resist.
The deep elf elementalist gestures next to you while chanting.
The wall shatters!
The blast of rock fragments hits you but does no damage.
You slash the ghostly deep elf death mage!
You freeze the ghostly deep elf death mage.
The ghostly deep elf death mage is heavily damaged.
The ghostly deep elf death mage beckons forth a restless soul!
You hit the ghostly deep elf death mage.
You freeze the ghostly deep elf death mage.
The ghostly deep elf death mage is heavily damaged.
You barely miss the ghostly deep elf death mage.
The ghostly deep elf death mage is heavily damaged.
The ghostly deep elf death mage misses you.
The deep elf elementalist hits you but does no damage.
You hit the ghostly deep elf death mage but do no damage.
The ghostly deep elf death mage is heavily damaged.
The ghostly deep elf death mage barely misses you.
The deep elf annihilator casts a spell.
The deep elf annihilator blinks!
The deep elf elementalist hits you with a +1 battleaxe of venom.
You slash the ghostly deep elf death mage!
You freeze the ghostly deep elf death mage!
The ghostly deep elf death mage is almost destroyed.
The ghostly deep elf death mage beckons forth a restless soul!
The deep elf elementalist misses you.
You cut the ghostly deep elf death mage into ribbons!!!
You freeze the ghostly deep elf death mage.
You destroy the ghostly deep elf death mage!
Trog accepts your kill.
Trog appreciates your killing of a magic user.
The lost soul fades away! x2
The deep elf elementalist points next to you and mumbles some strange words.
The wall shatters!
The blast of rock fragments hits you but does no damage.
You hear a shout! x2
Things that are here:
a +0 long sword; a +0 scale mail You slice the deep elf elementalist!!
You freeze the deep elf elementalist.
The deep elf elementalist is moderately wounded.
The deep elf annihilator gestures at you while chanting.
The poison arrow hits you! You partially resist.
The deep elf elementalist completely misses you.
You see here a +1 long sword of holy wrath.
You slice the deep elf elementalist!! You freeze the deep elf elementalist.
The deep elf elementalist is almost dead.
The deep elf elementalist misses you.
You open the deep elf elementalist like a pillowcase!!!
You freeze the deep elf elementalist.
You kill the deep elf elementalist!
Trog accepts your kill.
Trog appreciates your killing of a magic user.
The deep elf annihilator misses you.
You hit the deep elf annihilator but do no damage.
The deep elf annihilator misses you.
You slice the deep elf annihilator!! You freeze the deep elf annihilator.
The deep elf annihilator is moderately wounded.
You hear a shout!
The deep elf annihilator misses you.
You hear a shout!
You miss the deep elf annihilator.
The deep elf annihilator is moderately wounded.
You hear a shout! x3
You barely miss the deep elf annihilator.
The deep elf annihilator is moderately wounded.
The deep elf annihilator casts a spell at you.
The poison arrow hits you. You partially resist.
You hit the deep elf annihilator. You freeze the deep elf annihilator.
The deep elf annihilator is moderately wounded.
The deep elf annihilator hits you but does no damage.
You barely miss the deep elf annihilator.
The deep elf annihilator is moderately wounded.
A deep elf elementalist comes into view.
It is wielding a +2 great sword of protection.
The deep elf annihilator hits you but does no damage.
You slash the deep elf annihilator! You freeze the deep elf annihilator!
The deep elf annihilator is severely wounded.
You closely miss the deep elf annihilator.
The deep elf annihilator is severely wounded.
The deep elf elementalist gestures next to you while chanting.
The wall shatters!
The blast of rock fragments hits you but does no damage.
The deep elf annihilator gestures at you while chanting.
The crystal spear hits you!!
You slash the deep elf annihilator! You freeze the deep elf annihilator!
The deep elf annihilator is almost dead.
The deep elf annihilator points at you and mumbles some strange words.
The crystal spear hits you!!!
You die...

.# ##.#
*,,,***,....,***,,,* .#
###
**,,,*,,.eee,,*,,,** ##
**,,,,,#e3#,,,,,** #
**,,,*#.e#*,,,** # ###
**,**#..#**,**
#######.# *** #.e# ***
........# #§.#
......#.############$.#
.###).##.#....))@e)e..#
## ##)))......$########
# #.).)..###.# ##
##))#.### #.#
)###...#.# #.#
.....#.#.#####.#
.#.###.........#
#.#.####.#######
.###.###.#


You could see a deep elf annihilator and a deep elf elementalist (repels
missiles).

Vanquished Creatures
  Nikola (Shoals:3)
  Rupert (Orc:2)
  Jorgrun (Shoals:1)
  A deep elf master archer (Elf:3)
  A quicksilver dragon (Snake:4)
  2 deep elf blademasters
  A sphinx (Shoals:4)
  Frances (D:14)
  Agnes (Snake:3)
  Gastronok (Lair:1)
  4 nagarajas
  A frost giant (D:15)
  A deep elf elementalist (Elf:3)
  3 deep elf sorcerers
  Louise (Shoals:4)
  A deep elf demonologist (Elf:3)
  Azrael (D:15)
  5 deep elf annihilators (Elf:3)
  Nessos (Orc:2)
  4 minotaurs
  Snorg (D:13)
  3 merfolk javelineers
  3 deep elf death magi (Elf:3)
  An ettin (D:15)
  Josephine (D:10)
  A yaktaur captain (D:15)
  5 vault guards
  A rakshasa (D:15)
  Harold (D:11)
  6 merfolk impalers
  5 salamander tyrants
  12 hydras
  5 ogre magi
  12 centaur warriors
  8 satyrs
  7 anacondas
  A merfolk avatar (Shoals:4)
  16 two-headed ogres
  An alligator snapping turtle (Shoals:3)
  4 boulder beetles
  26 dancing weapons
  2 death knights (D:15)
  2 deep troll shamans
  6 tengu warriors
  4 merfolk aquamancers
  8 naga sharpshooters
  4 naga warriors
  A deep troll earth mage (D:15)
  Urug (D:12)
  14 death yaks
  An orc high priest (Orc:1)
  11 shock serpents
  Amaemon (Lair:1)
  8 skysharks
  Sonja (Orc:2)
  14 deep elf knights
  A fire crab (Gauntlet)
  11 sea snakes
  Pikel (D:4)
  10 deep elf archers
  4 naga ritualists
  A phantasmal warrior (D:15)
  2 lindwurms
  28 deep elf zephyrmancers
  17 mana vipers
  3 orc knights
  24 deep elf pyromancers
  28 harpies
  A necromancer (D:15)
  25 ugly things
  A wolf spider (D:15)
  14 fauns
  An orc sorcerer (Orc:2)
  5 salamanders
  9 cyclopes
  14 manticores
  16 elephants
  4 merfolk sirens
  5 water nymphs
  3 torpor snails
  37 black mambas
  3 kobold blastminers (Orc:2)
  A black mamba (shapeshifter) (Elf:2)
  13 naga magi
  8 guardian serpents
  An apocalypse crab (Gauntlet)
  17 cane toads
  2 unseen horrors
  An orange demon (Lair:1)
  A gargoyle (D:12)
  4 rime drakes
  4 yaktaurs (D:15)
  3 efreet
  2 freezing wraiths (D:15)
  3 komodo dragons (Lair:5)
  3 tengu conjurers
  4 trolls
  A meliai (D:15)
  3 wind drakes
  36 merfolk
  4 polar bears
  2 glass eyes (D:15)
  13 blink frogs
  6 snapping turtles
  2 hornets
  15 dream sheep
  12 slime creatures
  3 air elementals (Elf:1)
  63 yaks
  2 fire bats (Gauntlet)
  4 wyverns
  7 fire elementals
  15 water elementals
  8 wraiths
  A yak (shapeshifter) (D:15)
  Eustachio (D:6)
  2 death yak simulacra (IceCv)
  Menkaure (D:5)
  8 basilisks
  A neqoxec (Gauntlet)
  13 vampire mosquitoes
  A steam dragon (D:7)
  Edmund (D:6)
  16 nagas
  2 wargs (Orc:2)
  2 acid dragons
  2 chaos spawn (Gauntlet)
  Duvessa (D:6)
  13 water moccasins
  3 hell hounds (D:15)
  21 orc warriors
  3 black bears
  An ice beast (D:5)
  2 sky beasts (D:7)
  A swamp drake (shapeshifter) (Elf:3)
  A boggart (D:12)
  15 centaurs
  25 ogres
  14 wolves
  A phantom (D:5)
  2 kobold brigands
  11 bullfrogs
  A gnoll sergeant (D:9)
  6 earth elementals
  Dowan (D:6)
  13 wights (D:7)
  An elephant simulacrum (IceCv)
  8 killer bees
  An electric eel (Lair:3)
  3 howler monkeys (D:8)
  4 hounds
  5 jellies
  15 orc priests
  3 gnoll boudas
  A sleepcap (D:5)
  3 iguanas
  16 orc wizards
  7 hell rats (Lair:3)
  A boggart simulacrum (D:15)
  27 gnolls
  8 adders
  A shadow imp (D:6)
  14 white imps
  A dart slug (D:3)
  103 orcs
  11 endoplasms
  2 giant cockroaches
  10 goblins
  8 hobgoblins
  4 jackals
  7 kobolds
  6 quokkas
  10 ball pythons
  5 bats
  4 frilled lizards
  7 rats
  A spectral orc (D:12)
1245 creatures vanquished.

Vanquished Creatures (others)
  A deep elf annihilator (Elf:3)
  A dancing weapon (Elf:2)
  4 deep elf knights (Elf:1)
  A deep elf pyromancer (Elf:3)
  A merfolk (Shoals:4)
  2 orc wizards (D:9)
10 creatures vanquished.

Grand Total: 1255 creatures vanquished

Notes
Turn   | Place    | Note
-------+----------+-------------------------------------------
     0 | D:1      | edsrzf the Djinni Berserker began the quest for the Orb.
     0 | D:1      | Reached XP level 1. HP: 20/20 MP: 0/0
    72 | D:1      | Reached skill level 3 in Long Blades
    96 | D:1      | Reached XP level 2. HP: 13/25 MP: 0/0
   340 | D:1      | Reached XP level 3. HP: 30/30 MP: 0/0
   340 | D:1      | Learned a level 1 spell: Foxfire
   479 | D:1      | Reached ** piety under Trog
   961 | D:2      | Reached skill level 4 in Long Blades
  1099 | D:2      | Reached XP level 4. HP: 35/35 MP: 0/0
  1814 | D:3      | Noticed Agrajag's ghost (amateur VSBr)
  1832 | D:3      | Found a transporter.
  1951 | D:3      | Reached skill level 5 in Long Blades
  1951 | D:3      | Reached XP level 5. HP: 40/40 MP: 0/0
  1951 | D:3      | Learned a level 2 spell: Static Discharge
  2094 | D:3      | Found a transporter.
  2527 | D:4      | Noticed Pikel
  2527 | D:4      | Noticed a lemure
  2527 | D:4      | Noticed a lemure
  2531 | D:4      | Noticed a lemure
  2531 | D:4      | Noticed a lemure
  2553 | D:4      | Killed Pikel
  2553 | D:4      | Reached *** piety under Trog
  2554 | D:4      | Reached skill level 7 in Long Blades
  2554 | D:4      | Reached XP level 6. HP: 25/46 MP: 0/0
  2554 | D:4      | Reached XP level 7. HP: 27/50 MP: 0/0
  2554 | D:4      | Learned a level 2 spell: Passwall
  2848 | D:4      | Found Zyvios's Book Shop.
  2925 | D:4      | Reached skill level 8 in Long Blades
  2941 | D:4      | Reached XP level 8. HP: 16/56 MP: 0/0
  3533 | D:5      | Entered Level 5 of the Dungeon
  3556 | D:5      | Identified the +3 scale mail of the Bequeathed God {Int+5
                  | Stlth+}
  3580 | D:5      | Noticed Menkaure
  3590 | D:5      | Killed Menkaure
  3737 | D:5      | Found a staircase to the Ecumenical Temple.
  3754 | D:5      | Reached skill level 9 in Long Blades
  4061 | D:5      | Found a runed translucent door.
  4061 | D:5      | Noticed dontdoit's ghost (weakling MfDe)
  4500 | D:5      | Found a runed translucent door.
  4580 | D:5      | Reached skill level 10 in Long Blades
  4580 | D:5      | Reached XP level 9. HP: 60/60 MP: 0/0
  4580 | D:5      | Learned a level 3 spell: Ozocubu's Armour
  4650 | D:5      | Found a basalt altar of Yredelemnul.
  4658 | D:5      | Found an ornate altar of the Wu Jian Council.
  4701 | D:6      | Noticed Dowan
  4710 | D:6      | Noticed Duvessa
  4757 | D:6      | Killed Dowan
  4774 | D:6      | Noticed Edmund
  4801 | D:6      | Killed Edmund
  4817 | D:6      | Killed Duvessa
  4988 | D:6      | Noticed a rust devil
  4988 | D:6      | Noticed a rust devil
  5169 | D:6      | Noticed Eustachio
  5188 | D:6      | Killed Eustachio
  5189 | D:6      | Reached skill level 11 in Long Blades
  6396 | D:7      | Found a white marble altar of Elyvilon.
  6586 | D:7      | Found a shadowy altar of Dithmenos.
  6787 | D:7      | Reached skill level 12 in Long Blades
  6795 | D:7      | Reached XP level 10. HP: 36/67 MP: 0/0
  6951 | D:7      | Reached **** piety under Trog
  7388 | D:7      | Identified 13 scrolls of identify
  7388 | D:7      | Identified a potion of curing
  7389 | D:7      | Identified 2 potions of brilliance
  7390 | D:7      | Identified 2 potions of magic
  7391 | D:7      | Identified 2 potions of ambrosia
  7392 | D:7      | Identified 2 potions of heal wounds
  7404 | D:7      | Identified a potion of might
  7405 | D:7      | Identified a potion of enlightenment
  7406 | D:7      | Identified a potion of mutation
  7407 | D:7      | Identified a potion of berserk rage
  7408 | D:7      | Identified 2 potions of attraction
  7409 | D:7      | Identified a potion of degeneration
  7410 | D:7      | Identified a potion of haste
  7508 | D:8      | Reached skill level 13 in Long Blades
  7552 | D:8      | Noticed a two-headed ogre
  7612 | D:8      | Found Ygiab's Jewellery Shoppe.
  8610 | D:8      | Reached skill level 14 in Long Blades
  8616 | D:8      | Killed a two-headed ogre
  8625 | D:8      | Reached XP level 11. HP: 31/71 MP: 0/0
  8625 | D:8      | Learned a level 4 spell: Airstrike
  8625 | D:8      | Reached ***** piety under Trog
  9280 | D:9      | Reached skill level 15 in Long Blades
  9655 | D:9      | Found a staircase to the Orcish Mines.
  9783 | D:10     | Entered Level 10 of the Dungeon
 10067 | D:10     | Found a staircase to the Lair.
 10093 | D:10     | Reached skill level 3 in Armour
 10108 | D:10     | Reached skill level 4 in Fighting
 10192 | D:10     | Found a runed translucent door.
 10197 | D:10     | Noticed a skeletal warrior
 10197 | D:10     | Noticed a necromancer
 10199 | D:10     | Noticed a cyclops
 10199 | D:10     | Noticed a lich
 10199 | D:10     | Noticed a sphinx
 10201 | D:10     | Noticed wqsa789's ghost (journeyman DEVM)
 10205 | D:10     | Found a runed translucent door.
 10353 | D:10     | Reached skill level 4 in Armour
 10495 | D:10     | Found a sparkling altar of Nemelex Xobeh.
 10678 | D:10     | Reached skill level 5 in Fighting
 10909 | D:10     | Noticed Josephine
 10924 | D:10     | Killed Josephine
 10925 | D:10     | Reached skill level 5 in Armour
 11157 | D:10     | Reached skill level 6 in Fighting
 11341 | D:11     | Noticed Harold
 11360 | D:11     | Killed Harold
 11383 | D:11     | Noticed a brown ugly thing
 11510 | D:11     | Noticed a boulder beetle
 11516 | D:11     | Killed a brown ugly thing
 11517 | D:11     | Reached skill level 6 in Armour
 11517 | D:11     | Reached XP level 12. HP: 63/84 MP: 0/0
 11519 | D:10     | Identified 3 scrolls of fog
 11520 | D:10     | Identified 3 scrolls of enchant armour
 11521 | D:10     | Identified 3 scrolls of vulnerability
 11545 | D:11     | Identified 8 scrolls of teleportation
 11546 | D:11     | Identified 3 scrolls of revelation
 11609 | D:11     | Found a gate leading to a gauntlet.
 11609 | D:11     | Noticed a tengu warrior
 11621 | D:11     | Noticed a tengu warrior
 11624 | Gauntlet | Entered a Gauntlet
 11624 | Gauntlet | Found a transporter.
 11624 | Gauntlet | Found a transporter.
 11638 | Gauntlet | Found a transporter.
 11652 | Gauntlet | Noticed a fire crab
 11655 | Gauntlet | Found a transporter.
 11655 | Gauntlet | Found a transporter.
 11658 | Gauntlet | Found a transporter.
 11658 | Gauntlet | Found a transporter.
 11659 | Gauntlet | Found a transporter.
 11673 | Gauntlet | Found a transporter.
 11678 | Gauntlet | Found a runed translucent door.
 11683 | Gauntlet | Found a runed translucent door.
 11685 | Gauntlet | Found a transporter.
 11687 | Gauntlet | Found a runed translucent door.
 11706 | Gauntlet | Noticed a fire crab
 11709 | Gauntlet | Found a transporter.
 11713 | Gauntlet | Found a transporter.
 11759 | Gauntlet | Found a transporter.
 11771 | Gauntlet | Found a transporter.
 11814 | Gauntlet | Received a gift from Trog
 11855 | Gauntlet | Identified the ring "Vaucwi" {rN+ Will+ Int+3}
 11885 | Gauntlet | Reached skill level 7 in Fighting
 11890 | Gauntlet | Killed a fire crab
 11935 | Gauntlet | Reached skill level 7 in Armour
 11948 | Gauntlet | Identified the +2 pair of gloves of the Seven of Cups
                  | {rElec rCorr Str-2}
 11963 | Gauntlet | Noticed a minotaur
 11975 | Gauntlet | Killed a minotaur
 11988 | Gauntlet | Identified a scroll of poison
 11989 | Gauntlet | Identified a scroll of silence
 12125 | D:11     | Killed a tengu warrior
 12126 | D:11     | Reached skill level 8 in Fighting
 12366 | D:11     | Reached skill level 8 in Armour
 12703 | D:11     | Killed a tengu warrior
 13288 | D:11     | Killed a boulder beetle
 13289 | D:11     | Reached skill level 9 in Fighting
 13443 | D:12     | Noticed a boulder beetle
 13456 | D:12     | Killed a boulder beetle
 13643 | D:12     | Reached skill level 9 in Armour
 13870 | D:12     | Reached XP level 13. HP: 80/94 MP: 0/0
 13870 | D:12     | Learned a level 5 spell: Alistair's Intoxication
 13969 | D:12     | Reached skill level 10 in Fighting
 14224 | D:12     | Found a basalt altar of Yredelemnul.
 14316 | D:12     | Found a blossoming altar of Fedhas.
 14317 | D:12     | Noticed Urug
 14326 | D:12     | Reached skill level 10 in Armour
 14337 | D:12     | Killed Urug
 14531 | D:12     | Found a snail-covered altar of Cheibriados.
 14532 | D:12     | Identified a potion of lignification
 14533 | D:12     | Identified a potion of invisibility
 14865 | Lair:1   | Entered Level 1 of the Lair of Beasts
 14866 | Lair:1   | Upgraded the game from 0.31-a0-1178-gc5c9b8f to
                  | 0.31-a0-1202-ga8fea8b
 14880 | Lair:1   | Noticed Amaemon
 14905 | Lair:1   | Killed Amaemon
 15121 | Lair:1   | Reached skill level 11 in Fighting
 15329 | Lair:1   | Reached skill level 11 in Armour
 15481 | Lair:1   | Reached skill level 3 in Dodging
 15483 | Lair:1   | Noticed Gastronok
 15499 | Lair:1   | Killed Gastronok
 15712 | Lair:1   | Reached skill level 4 in Dodging
 16093 | Lair:1   | Identified 2 scrolls of noise
 16378 | Lair:2   | Found a staircase to the Snake Pit.
 16622 | Lair:2   | Reached skill level 5 in Dodging
 16641 | Lair:2   | Reached skill level 12 in Fighting
 16813 | Lair:2   | Reached XP level 14. HP: 107/107 MP: 0/0
 16910 | Lair:2   | Reached skill level 6 in Dodging
 17498 | Lair:3   | Upgraded the game from 0.31-a0-1202-ga8fea8b to
                  | 0.31-a0-1204-ge2c1a86
 17680 | Lair:3   | Reached skill level 7 in Dodging
 17956 | Lair:3   | Found a staircase to the Shoals.
 18114 | Lair:3   | Identified 3 scrolls of fear
 18115 | Lair:3   | Identified 2 scrolls of immolation
 18116 | Lair:3   | Identified 2 scrolls of brand weapon
 18117 | Lair:3   | Identified 5 scrolls of amnesia
 18120 | Lair:3   | Identified 2 scrolls of enchant weapon
 18223 | Lair:3   | Reached skill level 13 in Fighting
 18298 | Lair:3   | Reached skill level 8 in Dodging
 18636 | Lair:4   | Received a gift from Trog
 18696 | Lair:4   | Found a frozen archway.
 18716 | Lair:4   | Found a viscous altar of Jiyva.
 18736 | Lair:4   | Found a staircase to the Slime Pits.
 18750 | IceCv    | Entered an ice cave
 18768 | IceCv    | HP: 5/110 [white ugly thing (15)]
 19014 | IceCv    | Found a transporter.
 19029 | IceCv    | Found a transporter.
 19233 | Lair:4   | Reached skill level 9 in Dodging
 19926 | Lair:3   | Identified the +0 scale mail of Generosity {Str+3 Dex+3
                  | Stlth+}
 20581 | Lair:5   | Entered Level 5 of the Lair of Beasts
 20636 | Lair:5   | Reached skill level 16 in Long Blades
 20712 | Lair:5   | Reached XP level 15. HP: 89/114 MP: 0/0
 20712 | Lair:5   | Learned a level 6 spell: Bombard
 21149 | Lair:5   | Reached skill level 10 in Dodging
 21179 | Lair:5   | Reached skill level 1 in Evocations
 21209 | Lair:5   | Reached skill level 2 in Evocations
 21419 | Lair:5   | Reached skill level 3 in Evocations
 21745 | Lair:5   | Reached skill level 14 in Fighting
 21918 | Lair:5   | Reached skill level 4 in Evocations
 22378 | Lair:5   | Received a gift from Trog
 22379 | Lair:5   | Reached skill level 5 in Evocations
 23054 | Lair:5   | Reached skill level 6 in Evocations
 23514 | Orc:1    | Entered Level 1 of the Orcish Mines
 23718 | Orc:1    | Reached skill level 15 in Fighting
 24176 | Orc:2    | Entered Level 2 of the Orcish Mines
 24230 | Orc:2    | Reached XP level 16. HP: 109/126 MP: 0/0
 24236 | Orc:2    | Reached skill level 7 in Evocations
 24552 | Orc:2    | Noticed Rupert
 24565 | Orc:2    | Killed Rupert
 24615 | Orc:2    | Reached skill level 8 in Evocations
 24657 | Orc:2    | Found Nuemn's Jewellery Shop.
 24657 | Orc:2    | Found Cihyecs's Magic Scroll Shoppe.
 24658 | Orc:2    | Found Vufoewn's Book Shoppe.
 24658 | Orc:2    | Found Toheug's Armour Boutique.
 24681 | Orc:2    | Bought a scroll of acquirement for 676 gold pieces
 24681 | Orc:2    | Acquired the +16 gold dragon scales "Hexkaumn" {^Contam
                  | rElec rPois rF+ rC+ Will+++ rCorr Str+7}
 24683 | Orc:2    | Acquired a manual of Dodging
 24691 | Orc:2    | Acquired the ring "Berulab" {rC+ rN+}
 24803 | Orc:2    | Noticed Nessos
 24827 | Orc:2    | Killed Nessos
 24827 | Orc:2    | Received a gift from Trog
 24982 | Orc:2    | Reached ****** piety under Trog
 25262 | Orc:2    | Reached skill level 16 in Fighting
 25517 | Orc:2    | Noticed Sonja
 25520 | Orc:2    | Killed Sonja
 26041 | Orc:2    | Found a staircase to the Elven Halls.
 26612 | D:13     | Noticed Snorg
 26625 | D:13     | Killed Snorg
 26626 | D:13     | Reached skill level 11 in Dodging
 26797 | D:13     | Reached skill level 12 in Armour
 27481 | D:13     | Found an iron altar of Okawaru.
 27486 | D:13     | Received a gift from Trog
 27853 | D:14     | Noticed Roxanne
 27857 | D:15     | Entered Level 15 of the Dungeon
 27885 | D:15     | Reached skill level 12 in Dodging
 28044 | D:15     | Identified the ring of Quastrer {Wiz rCorr Str+4 Dex+6}
 28123 | D:15     | Found a broken altar of Ashenzari.
 28136 | D:15     | Found a transporter.
 28237 | D:15     | Reached XP level 17. HP: 35/133 MP: 0/0
 28237 | D:15     | Learned a level 7 spell: Spellforged Servitor
 28487 | D:15     | Found a transporter.
 28522 | D:15     | Reached skill level 13 in Dodging
 28818 | D:15     | Reached skill level 13 in Armour
 28867 | D:15     | Noticed Azrael
 28909 | D:15     | Killed Azrael
 28916 | D:15     | Identified a potion of cancellation
 28983 | D:15     | Reached skill level 14 in Dodging
 29020 | D:15     | Received a gift from Trog
 29039 | D:15     | Identified the ring "Culofur" {Ice Dex+3}
 29353 | D:15     | Found a hide-covered altar of Uskayaw.
 29539 | D:15     | Reached skill level 15 in Dodging
 29629 | D:15     | Identified the ring "Gamp" {rElec rPois rF+ rCorr}
 29718 | D:15     | Found a staircase to the Depths.
 29871 | D:15     | Reached skill level 14 in Armour
 29883 | D:15     | Identified the ring of Fioskiwu {rC+ Will- Int+6 Dex+2}
 30085 | D:14     | Noticed Frances
 30091 | D:14     | Found a broken altar of Ashenzari.
 30095 | D:14     | Reached skill level 16 in Dodging
 30108 | D:14     | Killed Frances
 30108 | D:14     | Received a gift from Trog
 30442 | D:14     | Found a gate to the Vaults.
 31141 | D:14     | Upgraded the game from 0.31-a0-1204-ge2c1a86 to
                  | 0.31-a0-1205-g5e5e916
 31314 | Shoals:1 | Entered Level 1 of the Shoals
 31431 | Shoals:1 | Noticed Jorgrun
 31458 | Shoals:1 | Killed Jorgrun
 31551 | Shoals:1 | Reached XP level 18. HP: 139/139 MP: 0/0
 32515 | Shoals:2 | Reached skill level 17 in Dodging
 32618 | Shoals:2 | Reached skill level 15 in Armour
 32664 | Shoals:2 | Received a gift from Trog
 33099 | Shoals:2 | Identified a scroll of torment
 33324 | Shoals:2 | Found Odoeqyofry's Jewellery Shop.
 33367 | Shoals:2 | Found Apint's Assorted Antiques.
 33981 | Shoals:3 | Noticed Nikola
 34010 | Shoals:3 | Killed Nikola
 35177 | Shoals:3 | Received a gift from Trog
 35761 | Shoals:4 | Entered Level 4 of the Shoals
 36044 | Shoals:3 | HP: 8/208 [merfolk/+0 trident[a merfolk javelineer] (16)]
 36372 | Shoals:3 | Reached skill level 16 in Armour
 36719 | Shoals:4 | Noticed Louise
 36771 | Shoals:4 | Killed Louise
 36780 | Shoals:4 | Reached skill level 17 in Long Blades
 36793 | Shoals:4 | HP: 6/208 [merfolk/+0 trident (12)]
 37747 | Shoals:4 | Reached XP level 19. HP: 145/145 MP: 0/0
 37747 | Shoals:4 | Learned a level 6 spell: Conjure Ball Lightning
 38740 | Shoals:4 | Got a barnacled rune of Zot
 38791 | Shoals:4 | Reached skill level 17 in Armour
 39279 | Snake:1  | Entered Level 1 of the Snake Pit
 39335 | Lair:2   | Received a gift from Trog
 40237 | Snake:1  | Found Riuclon's General Store.
 40464 | Snake:2  | Reached skill level 18 in Long Blades
 40771 | Snake:2  | Identified the +3 ring mail "Weniq" {-Cast Fly rCorr
                  | Stlth+}
 41516 | Snake:1  | Received a gift from Trog
 42587 | Snake:3  | Reached skill level 18 in Armour
 43141 | Snake:3  | Reached XP level 20. HP: 146/151 MP: 0/0
 43265 | Snake:3  | Noticed Agnes
 43287 | Snake:3  | Killed Agnes
 44132 | Snake:4  | Entered Level 4 of the Snake Pit
 44562 | Snake:4  | Reached skill level 19 in Long Blades
 44878 | Snake:4  | Got a serpentine rune of Zot
 44970 | Snake:4  | Received a gift from Trog
 45838 | Elf:1    | Entered Level 1 of the Elven Halls
 46173 | Elf:1    | Reached skill level 19 in Armour
 46577 | Elf:1    | Paralysed by an air elemental for 1 turns
 46610 | Elf:1    | Received a gift from Trog
 46829 | Elf:1    | Paralysed by an air elemental for 1 turns
 46831 | Elf:1    | Paralysed by an air elemental for 1 turns
 46864 | Elf:1    | Identified a scroll of blinking
 47337 | Elf:1    | Found Lusifec's Assorted Antiques.
 48375 | Elf:2    | Found a runed translucent gate.
 48375 | Elf:2    | Found a runed translucent gate.
 48376 | Elf:2    | Found a runed translucent gate.
 48665 | Elf:2    | Identified the +3 great sword of the Fray {antimagic, Will+
                  | Dex+3} (Trog gifted it to you on level 2 of the Elven
                  | Halls)
 48665 | Elf:2    | Received a gift from Trog
 48834 | Elf:2    | Found Ighub's Jewellery Emporium.
 49394 | Elf:2    | Reached XP level 21. HP: 131/157 MP: 0/0
 49394 | Elf:2    | Learned a level 7 spell: Orb of Destruction
 49978 | Elf:2    | Reached skill level 20 in Long Blades
 50064 | Elf:3    | Entered Level 3 of the Elven Halls
 50188 | Elf:3    | Found a gateway to a bazaar.
 50229 | Bazaar   | Entered a bazaar
 50232 | Bazaar   | Found Sotsogic's Antique Weapon Boutique.
 50251 | Bazaar   | Found Joisuir's Armour Boutique.
 50256 | Bazaar   | Found Uffotunn's Weapon Shop.
 50261 | Bazaar   | Found Zeawuo's Armour Emporium.
 50492 | Elf:3    | Reached skill level 20 in Armour
 50555 | Elf:3    | Identified the +3 great sword "Kuytenk" {flame, rElec Will+
                  | rCorr} (Trog gifted it to you on level 3 of the Elven
                  | Halls)
 50555 | Elf:3    | Received a gift from Trog
 51634 | Elf:3    | Identified the +8 dagger of the Bedazzling Gods {heavy, Fly
                  | rPois Int-4 Dex+5}
 51759 | Elf:3    | Killed from afar by a deep elf annihilator

Illustrated notes

Levels and vault maps discovered:
D:1:      evilmike_arrival_crescent, layout_basic, minmay_bisected
D:2:      layout_basic, minmay_quadrilaterals
D:3:      layout_loops_ring, gammafunk_ghost_stat_death, hangedman_decor_growths
D:4:      layout_loops_ring, nicolae_stop_n_shop_2, uniq_pikel
D:5:      layout_cave_pools, minitemple, minmay_temple_entry_arrows,
          serial_column_ruins, column_ruins_hut, column_ruins_hut,
          column_ruins_grid_3, column_ruins_grid_3, column_ruins_grid_1,
          column_ruins_columns_corner, column_ruins_open_tiny,
          ebering_ghost_sewer_d, uniq_menkaure, uniq_crazy_yiuf_cottage
D:6:      cheibrodos_iron_armory, layout_layer_cave, uniq_edmund,
          uniq_eustachio, uniq_duvessa
D:7:      layout_rooms, mainiacjoe_overflow_24_doors, lemuel_round_altar,
          minmay_puff
D:8:      layout_cave_pools, serial_shops, shop_statue
D:9:      layout_loops_ring, hiddenorc1_lemuel
D:10:     layout_loops_ring, mainiacjoe_overflow_surrounded_room,
          lair_entry_dummy, special_room [special_room_orc],
          muffindrake_ghost_dual_entry, uniq_josephine
D:11:     layout_irregular_city, gauntlet_entry_generic, uniq_harold
D:12:     layout_stronghold, st_stairs_10, hangedman_feature_mirror,
          chequers_serial_rivers_micro_d, yredelemnul_forgotten_temple_becter,
          uniq_urug
D:13:     kennysheep_blocky_hall, layout_gridville, okawaru_metal_pillars_1_2,
          uniq_snorg
D:14:     layout_basic, erik_vaults_1, nicolae_ashenzari_skybound, uniq_roxanne,
          uniq_frances
D:15:     hangedman_spin_cycle
Lair:1:   layout_chaotic_city, uniq_amaemon, uniq_gastronok
Lair:2:   layout_cellular_growth, nicolae_snake_entry_squirm, forest_entry_grove
Lair:3:   nzn_winding_woodlands_medium [nzn_winding_woodlands_5x5_open_star,
          nzn_winding_woodlands_5x15_parted, nzn_winding_woodlands_5x5_default,
          nzn_winding_woodlands_5x5_three,
          nzn_winding_woodlands_center_diamonds,
          nzn_winding_woodlands_5x5_default,
          nzn_winding_woodlands_5x5_closed_star,
          nzn_winding_woodlands_5x15_river_crossing,
          nzn_winding_woodlands_hourglass], layout_cellular_growth,
          nicolae_shoals_entry_roost, nicolae_lair_lil_pond
Lair:4:   layout_hall_layers, slime_entry_2, portal_ice_cave_entry_imps
Lair:5:   grunt_lair_end_beastmaster, layout_cave_pods, serial_bayou_shore_b
Shoals:1: layout_shoals, uniq_jorgrun
Shoals:2: layout_shoals, serial_shops, nicolae_lakefront_shop,
          nicolae_shoals_c_island
Shoals:3: layout_shoals, uniq_nikola
Shoals:4: shoals_end_hellmonk_lost_city, uniq_louise
Snake:1:  nicolae_snake_attic_fulla_snakes, layout_misc_corridors, serial_shops,
          nicolae_shop_just_a_little_nook, grunt_megastairs_5
Snake:2:  layout_layer_cave, lemuel_fruit_tree
Snake:3:  layout_cave_shapes, nicolae_snake_boneroom, uniq_agnes
Snake:4:  hellmonk_snake_rune_quicksilver_temple, layout_cave_town
Orc:1:    layout_caves, basic_altar, nicolae_orc_tapped_out
Orc:2:    st_orc_ogre_mass, layout_caves, uniq_rupert, uniq_nessos, uniq_sonja
Elf:1:    minmay_elf_arrival_plus, layout_gridlike, serial_shops, shop,
          minivault_28, grunt_megastairs_2
Elf:2:    elven_hall_of_blades_hangedman_original [grunt_blade_entry_basic],
          layout_loops_corners, serial_shops, shop
Elf:3:    minmay_elf_hall_x, layout_loops_corners, serial_shops, bzr_entry_dummy

Skill      XL: |  1  2  3  4  5  6  7  8  9 10 11 12 13 14 15 16 17 18 19 20 21 |
---------------+----------------------------------------------------------------+-----
Long Blades    | 3 4 5 7 8 10 12 14 15 16 17 18 19 20 | 20.7
Armour         | 6 9 11 12 14 16 18 19 20 | 20.0
Fighting       | 6 9 12 13 15 16 | 16.0
Dodging        | 5 9 10 12 16 17 | 17.0
Evocations     | 6 8 |  8.2

Action                     |  1- 3 |  4- 6 |  7- 9 | 10-12 | 13-15 | 16-18 | 19-21 || total
---------------------------+-------+-------+-------+-------+-------+-------+-------++-------
  Melee: Falchion          |   116 |    30 |    86 |       |       |       |       ||   232
         Punch             |     1 |       |     7 |    16 |    27 |    31 |    31 ||   113
         Dagger            |       |    96 |   255 |   192 |       |       |       ||   543
         Scimitar          |       |       |    36 |   614 |   520 |       |       ||  1170
         Double sword      |       |       |       |       |   752 |  1910 |  1898 ||  4560
         Great sword       |       |       |       |       |    70 |     4 |       ||    74
  Throw: Dart              |       |       |       |     8 |     1 |       |       ||     9
         Throwing net      |       |       |       |     3 |       |     3 |       ||     6
 Invoke: Berserk           |       |       |     6 |    10 |     6 |     8 |     2 ||    32
         Trog's Hand       |       |       |       |       |     3 |     2 |       ||     5
  Evoke: Wand              |       |       |       |       |     7 |     6 |     6 ||    19
    Use: Scroll            |       |       |       |    20 |    14 |     8 |    10 ||    52
         Potion            |       |       |       |     3 |     2 |     4 |     1 ||    10
   Stab: Distracted        |     1 |       |       |       |       |       |       ||     1
         Sleeping          |     1 |     2 |       |       |       |       |       ||     3
         Petrified         |       |       |       |     4 |       |       |       ||     4
         Held in net/web   |       |       |       |       |       |     1 |       ||     1
         Invisible         |       |       |       |       |       |       |     2 ||     2
 Armour: Animal skin       |    95 |    25 |       |       |       |       |       ||   120
         Ring mail         |       |    18 |    36 |       |       |       |       ||    54
         Scale mail        |       |       |   101 |       |       |       |       ||   101
         Chain mail        |       |       |    86 |   590 |  1013 |    47 |       ||  1736
         Gold dragon scale |       |       |       |       |       |  1660 |  1775 ||  3435
  Dodge: Dodged            |   126 |    63 |   120 |   267 |   752 |  1148 |  1271 ||  3747
  Block: Buckler           |       |       |       |       |     1 |       |       ||     1

Table legend: (Time is in decaauts)
 A = Elapsed time spent in this place.
 B = Non-inter-level travel time spent in this place.
 C = Inter-level travel time spent in this place.
 D = Time resting spent in this place.
 E = Time spent auto-exploring this place.
 F = Levels seen in this place.
 G = Mean time per level.
                   A        B        C        D        E       F      G
               +--------+--------+--------+--------+--------+-----+--------+
         Total |  50094 |  47824 |   2270 |  11845 |  25738 |  36 | 1391.5 |
       Dungeon |  18999 |  17995 |   1004 |   3007 |  11272 |  15 | 1266.6 |
          Lair |   8616 |   8043 |    573 |   2202 |   4074 |   5 | 1723.2 |
        Shoals |   7618 |   7418 |    200 |   2674 |   3229 |   4 | 1904.5 |
     Snake Pit |   5755 |   5525 |    230 |   1131 |   3301 |   4 | 1438.8 |
  Orcish Mines |   2644 |   2489 |    155 |    952 |    976 |   2 | 1322.0 |
   Elven Halls |   5629 |   5523 |    106 |   1511 |   2850 |   3 | 1876.3 |
        Bazaar |     59 |     59 |      0 |      0 |     36 |   1 |   59.0 |
      Ice Cave |    298 |    298 |      0 |    227 |      0 |   1 |  298.0 |
      Gauntlet |    471 |    471 |      0 |    137 |      0 |   1 |  471.0 |
               +--------+--------+--------+--------+--------+-----+--------+

Top non-repeatable levels by time:
Shoals:3: 2794 daAuts
  Lair:5: 2646 daAuts
Shoals:4: 2377 daAuts
   Elf:1: 2192 daAuts
    D:15: 2091 daAuts
 Snake:2: 1966 daAuts
   Elf:2: 1869 daAuts
  Lair:3: 1867 daAuts
   Orc:2: 1688 daAuts
    D:10: 1671 daAuts
   Elf:3: 1568 daAuts
  Lair:2: 1542 daAuts
 Snake:3: 1527 daAuts
     D:9: 1494 daAuts
     D:6: 1491 daAuts
